 Dungeon Crawl Stone Soup version 0.23.2-33-g5129a83184 (webtiles) character file.

Game seed: 4510542344565051992

198 Kold the Insei (level 5, -14/33 HPs)
             Began as an Octopode Transmuter on July 31, 2019.
             Demolished by an ogre
             ... wielding a +0 giant spiked club
              (34 damage)
             ... on level 2 of the Dungeon.
             The game lasted 00:02:39 (1909 turns).

Kold the Insei (Octopode Transmuter)                Turns: 1909, Time: 00:02:39

Health: -14/33     AC:  1    Str: 10    XL:     5   Next: 77%
Magic:  8/8        EV: 11    Int: 15    God:
Gold:   76         SH:  0    Dex: 13    Spells: 7/8 levels left

rFire    . . .     SeeInvis .     - Unarmed
rCold    . . .     Gourm    .   (no shield)
rNeg     . . .     Faith    .   (helmet restricted)
rPois    .         Spirit   .   (no amulet)
rElec    .         Reflect  .   b - ring of attention (curse)
rCorr    .         Harm     .   (no ring)
MR       .....                  (no ring)
Stlth    ++........             (no ring)
HPRegen  0.11/turn              (no ring)
MPRegen  0.11/turn              (no ring)
                                (no ring)
                                (no ring)

@: constricted
A: almost no armour, stealthy swim, amphibious, 8 rings, constrict 8, camouflage
1, gelatinous body 1
a: no special abilities


You were on level 2 of the Dungeon.
You were not hungry.

You visited 1 branch of the dungeon, and saw 3 of its levels.

You collected 76 gold pieces.

Inventory:

Missiles
 a - 107 arrows
Jewellery
 b - a cursed ring of attention (left tentacle)
Scrolls
 e - a scroll of teleportation
Potions
 g - a potion of might {unknown}
Comestibles
 c - 5 rations


   Skills:
 - Level 1.0 Fighting
 + Level 3.3 Dodging
 - Level 3.5 Stealth
 + Level 4.1 Unarmed Combat
 - Level 2.0 Spellcasting
 + Level 3.3 Transmutations


You had 7 spell levels left.
You knew the following spells:

 Your Spells              Type           Power        Failure   Level  Hunger
a - Beastly Appendage     Tmut           ##....       6%          1    #......

Your spell library contained the following spells:

 Spells                   Type           Power        Failure   Level  Hunger
 Sticks to Snakes         Tmut           ##......     9%          2    ###....
 Spider Form              Tmut/Pois      #.........   34%         3    ###....
 Ice Form                 Ice/Tmut       #.......     75%         4    #####..
 Blade Hands              Tmut           ##........   85%         5    ######.


Dungeon Overview and Level Annotations

Branches:
Dungeon (3/15)

Altars:
Hepliaklqana

Annotations:
D:3 Grinder


Innate Abilities, Weirdness & Mutations

You cannot wear most types of armour.
You are very stealthy in the water. (Stealth+)
You are amphibious.
You can wear up to eight rings at the same time.
You can use your tentacles to constrict eight enemies at once.
Your skin changes colour to match your surroundings (Stealth+).
Your rubbery body absorbs attacks. (AC +1, EV +1)


Message History

You tentacle-slap the ogre.
The ogre is severely wounded.
The ball python bites you. The ball python closely misses you.
The rat closely misses you. The ogre closely misses you.
You barely miss the ogre.
The ogre is severely wounded.
The ball python bites you but does no damage.
The ball python barely misses you. The rat bites you.
The ogre barely misses you.
You tentacle-slap the ogre.
The ogre is severely wounded.
Your tentacle spike disappears.
The ball python bites you. The ball python barely misses you.
The rat barely misses you. The ball python bites you.
The ball python grabs you. The ball python constricts you.
You barely miss the ogre. You squeeze the ogre.
The ogre is almost dead.
The ogre hits you with a +0 giant spiked club!!
Ouch! That really hurt!
You die...

#.##...#...#...#..
#.#...............
#..###############
#..##..# #......
#..###.# ##.....
#..###.# ##...#
#).....# ##'##
####r##### #.#
#.S@O....# #.#
#.##.###.########.##
#.##..........##...#
#........####.......
########## ####...#
##.## #.# #.# #.#


You could see an ogre, a ball python and a rat.

Vanquished Creatures
  Sigmund (D:2)
  2 adders (D:2)
  A bat (D:2)
  7 goblins
  5 hobgoblins
  A quokka (D:3)
  2 frilled lizards
  4 kobolds
  2 rats
25 creatures vanquished.

Notes
Turn   | Place    | Note
-------+----------+-------------------------------------------
     0 | D:1      | Kold the Octopode Transmuter began the quest for the Orb.
     0 | D:1      | Reached XP level 1. HP: 13/13 MP: 3/3
   483 | D:2      | Reached XP level 2. HP: 11/18 MP: 3/5
   528 | D:2      | Reached skill level 1 in Stealth
   832 | D:2      | Reached XP level 3. HP: 23/23 MP: 4/6
  1183 | D:2      | Noticed Sigmund
  1194 | D:2      | Killed Sigmund
  1194 | D:2      | Reached skill level 4 in Unarmed Combat
  1194 | D:2      | Reached XP level 4. HP: 4/28 MP: 5/7
  1194 | D:2      | Reached XP level 5. HP: 5/33 MP: 5/8
  1684 | D:2      | Found a hazy altar of Hepliaklqana.
  1774 | D:3      | Noticed Grinder
  1774 | D:3      | Noticed an ogre
  1909 | D:2      | Demolished by an ogre

Skill      XL: |  1  2  3 |
---------------+----------+-----
Stealth        | 1 3 |  3.5
Dodging        | 3 |  3.3
Unarmed Combat | 4 |  4.1
Transmutations | 3 |  3.3
Fighting       | |  1.0
Spellcasting   | |  2.0

Action                   |  1- 3 |  4- 6 || total
-------------------------+-------+-------++-------
Melee: Unarmed           |    51 |    11 ||    62
       Kick              |    11 |     1 ||    12
       Constrict         |    14 |       ||    14
       Tentacles         |    10 |     2 ||    12
       Punch             |     1 |     1 ||     2
 Cast: Beastly Appendage |    13 |     1 ||    14
  Use: Scroll            |     2 |       ||     2
  Eat: Chunk             |     1 |       ||     1
       Ration            |       |     1 ||     1
Armor: Skin              |     4 |     4 ||     8
Dodge: Dodged            |    33 |    21 ||    54
